 Dungeon Crawl Stone Soup version 0.28-a0-1518-gbe868bca14 (webtiles) character file.

Game seed: 7534379052477269791

182 ptdevnull the Prestidigitator (level 5, -16/37 HPs)
             Began as a Gnoll Wanderer on Jan 17, 2022.
             Was a Follower of Wu Jian.
             Killed by an exploding necrophage (28 damage)
             ... ignited by their inner flame
             ... on level 6 of the Dungeon.
             The game lasted 00:09:47 (3076 turns).

ptdevnull the Prestidigitator (Gnoll Wanderer)      Turns: 3076, Time: 00:09:59

Health: -16/37     AC:  4    Str: 14    XL:     5   Next: 62%
Magic:  9/9        EV: 11    Int: 13    God:    Wu Jian [*.....]
Gold:   94         SH:  0    Dex:  9    Spells: 6/10 levels left

rFire   . . .      SeeInvis .   k - +1 dagger (elec)
rCold   . . .      Faith    .   (no shield)
rNeg    . . .      Spirit   .   c - +0 leather armour
rPois   .          Reflect  .   (no helmet)
rElec   .          Harm     .   (no cloak)
rCorr   .          Rampage  .   b - +0 pair of gloves
Will    .....                   (no boots)
Stlth   +++.......              (no amulet)
HPRegen 0.12/turn               (no ring)
MPRegen 0.11/turn               (no ring)

@: brilliant, flying
A: fangs 1, strong nose, distributed training
a: Renounce Religion


You were on level 6 of the Dungeon.
You worshipped Wu Jian.
Wu Jian was aware of your devotion.
You visited 1 branch of the dungeon, and saw 4 of its levels.

You collected 94 gold pieces.

Inventory:

Hand Weapons
 a - a +0 club
 k - a +1 dagger of electrocution (weapon)
Missiles
 j - 17 sling bullets
 m - 2 poisoned darts
Armour
 b - a +0 pair of gloves (worn)
 c - a +0 leather armour (worn)
Jewellery
 e - a +6 ring of strength
 g - a ring of resist corrosion
Wands
 d - a wand of iceblast (1)
Scrolls
 p - a scroll of fog {unknown}
 q - a scroll of amnesia {unknown}
 r - a scroll of noise {unknown}
 s - a scroll of brand weapon {unknown}
 t - a scroll of fear {unknown}
Potions
 l - a potion of invisibility {unknown}


   Skills:
 + Level 1.5 Fighting
 + Level 1.5 Short Blades
 + Level 1.5 Long Blades
 + Level 1.5 Axes
 + Level 1.5 Maces & Flails
 + Level 1.5 Polearms
 + Level 1.5 Staves
 + Level 1.5 Slings
 + Level 1.5 Bows
 + Level 1.5 Crossbows
 + Level 1.5 Throwing
 + Level 1.5 Armour
 + Level 1.5 Dodging
 + Level 6.1 Stealth
 + Level 1.5 Shields
 + Level 1.5 Unarmed Combat
 + Level 3.2 Spellcasting
 + Level 1.2 Conjurations
 + Level 1.2 Hexes
 + Level 1.2 Summonings
 + Level 1.2 Necromancy
 + Level 1.2 Translocations
 + Level 1.2 Transmutations
 + Level 1.2 Fire Magic
 + Level 2.4 Ice Magic
 + Level 1.2 Air Magic
 + Level 1.2 Earth Magic
 + Level 1.2 Poison Magic
 + Level 1.7 Invocations
 + Level 10.5 Evocations


You had 6 spell levels left.
You knew the following spells:

 Your Spells              Type           Power      Damage    Failure   Level
a - Freeze                Ice            48%        1d7       10%         1
b - Frozen Ramparts       Ice            24%        1d4       30%         3

Your spell library contained the following spells:

 Spells                   Type           Power      Damage    Failure   Level
 Foxfire                  Conj/Fire      32%        2x1d5     17%         1
 Conjure Flame            Conj/Fire      8%         6-21      45%         3
 Inner Flame              Hex/Fire       8%         N/A       45%         3
 Flame Wave               Conj/Fire      8%         2d4       86%         4


Dungeon Overview and Level Annotations

Branches:
Dungeon (3/15)

Altars:
Wu Jian

Shops:
D:1 :


Innate Abilities, Weirdness & Mutations

You have very sharp teeth.
Your uncanny sense of smell can sniff out nearby items.
Your experience applies equally to all skills.


Message History

The centaur completely misses your phantom.
The centaur kicks your phantom but does no damage.
Your phantom barely misses the centaur.
The centaur wields a +0 shortbow.
The centaur shoots an arrow.
The arrow closely misses your phantom. The arrow hits you!
* * * LOW HITPOINT WARNING * * *
Your jelly closely misses the necrophage.
It was a potion of curing.
You feel better.
Your bullfrog skeleton hits the necrophage.
Flame seeps out of the necrophage.
The centaur shoots an arrow.
The arrow hits your phantom!
Your phantom hits the centaur.
Flame seeps out of the centaur.
Your phantom blinks!
The centaur blinks!
It was a potion of flight.
You feel very buoyant.
You fly up into the air.
Your bullfrog skeleton hits the necrophage.
Flame seeps out of the necrophage.
The necrophage is engulfed in blazing flames.
Flame seeps out of the necrophage.
The necrophage barely misses you.
The centaur shoots an arrow.
The arrow hits you.
Your bullfrog skeleton hits the necrophage.
Flame seeps out of the necrophage.
Your phantom hits the centaur but does no damage.
Okay, then.
It was a potion of brilliance.
You feel clever all of a sudden.
The centaur shoots an arrow.
The arrow closely misses you.
The necrophage is engulfed in blazing flames.
The Council accepts your kill.
The necrophage explodes!
The fiery explosion engulfs your jelly!!
You kill your jelly!
Your jelly dissolves into shadows!
The fiery explosion engulfs your bullfrog skeleton!
Your bullfrog skeleton is heavily damaged.
The fiery explosion engulfs you!!
Ouch! That really hurt!
You die...

#..........# #..........
#..........# #.###......
#..........# #.# ......
#..........# #.# ......
#..........###'###°.....
#.......................
#.............§Z........
###########...§°§?......
#...§@§.......
#.............
#.........W...
#........c....
#.............
#....=^.......
######.##?#+## .# .#


You could see a centaur (inner flame, ally target), a friendly phantom
(summoned) and a friendly bullfrog skeleton (summoned).

Vanquished Creatures
  A necrophage (D:6)
  A water moccasin skeleton (D:3)
  Jessica (D:2)
  5 adders (D:2)
  4 orcs (D:3)
  5 ball pythons
  5 endoplasms
  A giant cockroach (D:1)
  6 goblins
  6 hobgoblins
  4 jackals (D:1)
  4 bats
  A frilled lizard (D:2)
  7 kobolds
  8 rats
59 creatures vanquished.

Notes
Turn   | Place    | Note
-------+----------+-------------------------------------------
     0 | D:1      | Reached skill level 10 in Evocations
     0 | D:1      | ptdevnull the Gnoll Wanderer began the quest for the Orb.
     0 | D:1      | ptdevnull set off with the following items: a +0 club, a +0
                  | pair of gloves, a +0 leather armour, a wand of iceblast
                  | (3); and the following spell memorised: Freeze; and the
                  | following spells available to memorise: Frozen Ramparts
     0 | D:1      | Reached XP level 1. HP: 13/13 MP: 4/4
     2 | D:1      | Noticed a felid
     4 | D:1      | Noticed a draconian
     4 | D:1      | Noticed a troll
     6 | D:1      | Noticed a demonspawn
     8 | D:1      | Noticed an octopode
    10 | D:1      | Noticed a ghoul
    12 | D:1      | Noticed a dwarf
    12 | D:1      | Noticed a tengu
    14 | D:1      | Noticed a formicid
    14 | D:1      | Noticed an elf
    16 | D:1      | Noticed a gargoyle
    16 | D:1      | Noticed an ogre
    18 | D:1      | Noticed a vine stalker
    20 | D:1      | Noticed a human
    20 | D:1      | Noticed a spriggan
    22 | D:1      | Noticed a minotaur
    22 | D:1      | Noticed a merfolk
    24 | D:1      | Noticed a demigod
    24 | D:1      | Noticed a vampire
    26 | D:1      | Noticed a naga
    30 | D:1      | Found Eleysyxkynk's Book Boutique.
   405 | D:1      | Reached XP level 2. HP: 12/19 MP: 5/5
   991 | D:1      | Reached XP level 3. HP: 20/25 MP: 7/7
  1342 | D:2      | Reached skill level 1 in Invocations
  1463 | D:2      | Noticed Jessica
  1476 | D:1      | Learned a level 3 spell: Frozen Ramparts
  1492 | D:2      | Killed Jessica
  1493 | D:2      | Reached skill level 1 in Fighting
  1493 | D:2      | Reached skill level 1 in Short Blades
  1493 | D:2      | Reached skill level 1 in Long Blades
  1493 | D:2      | Reached skill level 1 in Axes
  1493 | D:2      | Reached skill level 1 in Maces & Flails
  1493 | D:2      | Reached skill level 1 in Polearms
  1493 | D:2      | Reached skill level 1 in Staves
  1493 | D:2      | Reached skill level 1 in Slings
  1493 | D:2      | Reached skill level 1 in Bows
  1493 | D:2      | Reached skill level 1 in Crossbows
  1493 | D:2      | Reached skill level 1 in Throwing
  1493 | D:2      | Reached skill level 1 in Armour
  1493 | D:2      | Reached skill level 1 in Dodging
  1493 | D:2      | Reached skill level 1 in Shields
  1493 | D:2      | Reached skill level 1 in Unarmed Combat
  1493 | D:2      | Reached XP level 4. HP: 19/32 MP: 2/8
  1619 | D:2      | Found a faded altar of an unknown god.
  1711 | D:2      | Prayed at the altar of an unknown god.
  1711 | D:2      | Became a worshipper of the Wu Jian Council
  1711 | D:2      | Reached * piety under Wu Jian
  1951 | D:2      | Reached skill level 1 in Conjurations
  1951 | D:2      | Reached skill level 1 in Hexes
  1951 | D:2      | Reached skill level 1 in Summonings
  1951 | D:2      | Reached skill level 1 in Necromancy
  1951 | D:2      | Reached skill level 1 in Translocations
  1951 | D:2      | Reached skill level 1 in Transmutations
  1951 | D:2      | Reached skill level 1 in Fire Magic
  1951 | D:2      | Reached skill level 1 in Air Magic
  1951 | D:2      | Reached skill level 1 in Earth Magic
  1951 | D:2      | Reached skill level 1 in Poison Magic
  2069 | D:2      | Reached XP level 5. HP: 8/37 MP: 5/9
  3034 | D:3      | You fall into a shaft and drop 3 floors!
  3059 | D:6      | Noticed a necrophage
  3068 | D:6      | Noticed a centaur
  3076 | D:6      | Killed a necrophage
  3076 | D:6      | Killed by an exploding necrophage... ignited by their inner
                  | flame

Illustrated notes

Levels and vault maps discovered:
D:1:      kb_arrival_jail, layout_basic, serial_shops, shop
D:2:      layout_basic, basic_ecumenical_altar, serial_bayou_pond_d,
          uniq_jessica
D:3:      layout_basic, uniq_natasha
D:6:      layout_basic, uniq_eustachio

Skill      XL: |  1  2  3  4 |
---------------+-------------+-----
Evocations     | | 10.5
Ice Magic      | 2 |  2.4
Stealth        | 6 |  6.1
Invocations    | 1 |  1.7
Fighting       | 1 |  1.5
Short Blades   | 1 |  1.5
Long Blades    | 1 |  1.5
Axes           | 1 |  1.5
Maces & Flails | 1 |  1.5
Polearms       | 1 |  1.5
Staves         | 1 |  1.5
Slings         | 1 |  1.5
Bows           | 1 |  1.5
Crossbows      | 1 |  1.5
Throwing       | 1 |  1.5
Armour         | 1 |  1.5
Dodging        | 1 |  1.5
Shields        | 1 |  1.5
Unarmed Combat | 1 |  1.5
Spellcasting   | 3 |  3.2
Conjurations   | 1 |  1.2
Hexes          | 1 |  1.2
Summonings     | 1 |  1.2
Necromancy     | 1 |  1.2
Translocations | 1 |  1.2
Transmutations | 1 |  1.2
Fire Magic     | 1 |  1.2
Air Magic      | 1 |  1.2
Earth Magic    | 1 |  1.2
Poison Magic   | 1 |  1.2

Action                   |  1- 3 |  4- 6 || total
-------------------------+-------+-------++-------
Melee: Club              |    80 |       ||    80
       Bite              |     5 |     4 ||     9
       Dagger            |       |    58 ||    58
 Cast: Freeze            |    21 |    10 ||    31
       Frozen Ramparts   |     1 |     1 ||     2
Invok: Lunge             |       |     9 ||     9
Evoke: Wand              |       |     2 ||     2
  Use: Potion            |       |     3 ||     3
       Scroll            |       |     2 ||     2
 Stab: Sleeping          |     4 |    11 ||    15
       Distracted        |       |     1 ||     1
Armor: Leather armour    |    45 |     9 ||    54
Dodge: Dodged            |    59 |    33 ||    92

Table legend: (Time is in decaauts)
 A = Elapsed time spent in this place.
 B = Non-inter-level travel time spent in this place.
 C = Inter-level travel time spent in this place.
 D = Time resting spent in this place.
 E = Time spent auto-exploring this place.
 F = Levels seen in this place.
 G = Mean time per level.
                   A        B        C        D        E       F      G
               +--------+--------+--------+--------+--------+-----+--------+
         Total |   3096 |   3070 |     26 |   1175 |   1322 |   4 |  774.0 |
       Dungeon |   3096 |   3070 |     26 |   1175 |   1322 |   4 |  774.0 |
               +--------+--------+--------+--------+--------+-----+--------+

Top non-repeatable levels by time:
     D:1: 1363 daAuts
     D:2: 1139 daAuts
     D:3: 551 daAuts
     D:6: 41 daAuts
